Map: Sludge City

Players

Exia

  • Race: Zerg Zerg
  • Spawn Location: 5:00

ghostrider

  • Race: Zerg Zerg
  • League: Bronze
  • Spawn Location: 5:00

Fropez

  • Race: Protoss Protoss
  • League: Silver
  • Spawn Location: 9:00

Obi

  • Race: Terran Terran
  • Spawn Location: 11:00

VOD

Have the link to the VOD?

Description

Time

  • Played on: May 23, 2016, 10:07 a.m.
  • Length: 16:23
Show
View Real Time Build Order
Export as new Build Order

Exia Zerg 

Build Orders: Hatch First, Muta Ling Bane 

Get SALT Encoding   

  12  0:03  Drone  
  13  0:13  Overlord  
  13  0:19  Drone  
  14  0:32  Drone x2  
  16  0:36  Drone  
  17  0:47  Drone  
  18  0:57  Drone  
  19  1:08  Hatchery  
  19  1:10  Drone  
  19  1:18  Spawning Pool  
  18  1:22  Overlord  
  18  1:29  Drone  
  19  1:33  Extractor  
  19  1:35  Extractor  
  17  1:41  Drone  
  18  1:52  Drone  
  19  2:01  Drone  
  20  2:06  Queen  
  22  2:14  Drone  
  23  2:18  Metabolic Boost  
  23  2:22  Drone  
  24  2:23  Queen  
  24  2:25  Drone  
  27  2:33  Drone  
  29  2:37  Drone  
  29  2:52  Drone  
  29  2:53  Drone x2  
  29  2:54  Baneling Nest  
  31  2:59  Drone  
  32  3:05  Overlord  
  32  3:26  Zergling x8  
  32  3:27  Zergling x4  
  38  3:39  Lair  
  38  3:41  Drone x3  
  38  3:42  Drone x2  
  43  4:05  Overlord x2  
  43  4:19  Baneling x3  
  43  4:20  Baneling  
  43  4:29  Extractor  
  42  4:34  Extractor  
  42  4:37  Drone x2  
  42  4:38  Drone x5  
  48  4:46  Nydus Network  
  48  4:47  Zergling x12  
  48  4:50  Centrifical Hooks  
  53  5:04  Overlord x3  
  53  5:09  Baneling  
  53  5:10  Baneling x6  
  53  5:11  Baneling x6  
  53  5:12  Baneling x3  
  53  5:19  Zergling x4  
  53  5:20  Zergling x4  
  57  5:32  Spine Crawler  
  57  5:34  Zergling x14  
  63  5:43  Baneling x4  
  63  5:44  Baneling x6  
  63  5:45  Baneling x2  
  63  5:58  Nydus Canal  
  63  6:05  Overlord  
  63  6:06  Zergling x8  
  63  6:07  Zergling x4  
  47  6:55  Zergling x12  
  47  6:57  Overseer  
  53  7:12  Spine Crawler  
  52  7:20  Baneling  
  52  7:21  Baneling x6  
  52  7:22  Baneling  
  52  7:30  Drone x3  
  52  7:31  Drone x5, Hatchery  
  59  7:40  Spire, Drone  
  59  7:45  Overseer  
  59  8:00  Overseer  
  59  8:28  Overseer  
  59  8:34  Hatchery  
  59  8:36  Drone x5  
  59  8:37  Drone x6  
  59  8:38  Drone  
  65  9:12  Mutalisk x3  
  65  9:13  Mutalisk x7  
  85  9:25  Drone x5  
  90  9:31  Extractor  
  90  9:33  Zerg Flyer Weapons Level 1  
  90  9:35  Extractor  
  88  9:45  Overlord x4  
  88  9:54  Overlord x4  
  88  10:09  Mutalisk x4  
  88  10:10  Mutalisk x3  
  102  10:23  Zergling x6  
  102  10:24  Zergling x2  
  106  10:32  Infestation Pit  
  105  10:36  Spire  
  105  10:37  Zergling x8  
  104  11:18  Drone x5  
  106  11:19  Drone x6  
  106  11:20  Drone  
  116  11:32  Hive  
  116  11:43  Corruptor  
  116  11:44  Corruptor x4  
  116  11:45  Corruptor x3  
  132  11:56  Hatchery  
  131  12:05  Zerg Flyer Armor Level 1  
  131  12:11  Extractor  
  131  12:14  Extractor  
  129  12:23  Overlord x5  
  129  12:24  Overlord  
  123  12:52  Overseer x2  
  119  13:20  Spine Crawler  
  119  13:22  Greater Spire  
  118  13:32  Spine Crawler  
  117  13:39  Corruptor x5  
  117  13:40  Corruptor x3  
  133  14:37  Spine Crawler  
  132  14:40  Brood Lord x5  
  132  14:41  Brood Lord x6  
  132  14:42  Brood Lord x5  
  165  14:45  Zergling x4  
  165  14:46  Zergling x12  
  165  14:47  Zergling x8  
  176  15:04  Spore Crawler  
Show
View Real Time Build Order
Export as new Build Order

ghostrider Zerg 

Build Orders: Pool First 

Get SALT Encoding   

  12  0:01  Drone  
  13  0:24  Spawning Pool  
  12  0:28  Drone  
  12  0:30  Drone  
  14  0:39  Overlord  
  14  0:44  Extractor  
  14  0:46  Drone  
  14  0:50  Extractor  
  14  0:52  Drone  
  14  1:01  Drone  
  15  1:15  Drone  
  15  1:16  Queen  
  18  1:23  Drone  
  19  1:37  Drone  
  20  1:44  Drone  
  21  1:54  Overlord  
  21  2:01  Lair  
  21  2:05  Metabolic Boost  
  21  2:09  Drone  
  22  2:16  Drone  
  23  2:24  Drone  
  23  2:26  Drone  
  25  2:33  Drone  
  25  2:34  Overlord  
  26  2:47  Overlord  
  26  3:14  Hydralisk Den  
  26  3:16  Zergling x2  
  26  3:17  Zergling x6  
  29  3:21  Spore Crawler  
  29  3:23  Spore Crawler  
  29  3:25  Drone  
  28  3:29  Overseer  
  28  3:30  Overseer  
  27  3:51  Hatchery  
  25  4:08  Hydralisk x3  
  31  4:11  Drone  
  32  4:27  Hydralisk x3  
  38  5:03  Extractor  
  38  5:05  Extractor  
  36  5:07  Queen  
  36  5:09  Overlord  
  38  5:18  Drone  
  39  5:25  Drone x3  
  39  5:26  Drone x3  
  39  5:27  Overlord  
  45  5:32  Overlord  
  45  5:40  Overseer  
  45  5:42  Drone x2  
  47  5:51  Drone  
  48  6:05  Drone  
  48  6:09  Drone  
  50  6:24  Hydralisk x2  
  50  6:25  Hydralisk x4  
  62  6:54  Hydralisk  
  62  6:55  Hydralisk x3  
  62  6:59  Zergling x6  
  62  7:00  Zergling x2  
  74  7:15  Drone x2  
  76  7:16  Spire  
  76  7:20  Drone  
  76  7:21  Overlord  
  76  7:22  Overlord  
  76  7:24  Overlord x2  
  76  7:46  Drone x3  
  79  8:04  Hydralisk x2  
  79  8:05  Hydralisk x3  
  87  8:11  Hydralisk x4  
  97  8:17  Muscular Augments  
  97  8:25  Evolution Chamber  
  96  8:33  Zerg Flyer Weapons Level 1  
  96  8:36  Mutalisk x4  
  104  8:41  Mutalisk x2  
  104  8:44  Overlord  
  104  8:46  Overlord  
  102  10:06  Overlord x2  
  102  10:07  Overlord x3  
  101  10:18  Overlord x2  
  101  10:24  Queen  
  101  10:27  Zerg Flyer Weapons Level 2  
  103  10:34  Mutalisk x4  
  111  11:28  Mutalisk x6  
  123  11:34  Overlord x3  
  123  12:19  Mutalisk x5  
  133  12:56  Hatchery  
  130  13:15  Spire  
  129  14:41  Mutalisk x3  
  129  14:45  Mutalisk x8  
  139  14:46  Mutalisk  
Show
View Real Time Build Order
Export as new Build Order

Fropez Protoss 

Build Orders:  

Get SALT Encoding   

  12  0:01  Probe (Chrono Boost)  
  13  0:19  Pylon, Probe (Chrono Boost)  
  14  0:29  Probe (Chrono Boost)  
  15  0:40  Probe (Chrono Boost)  
  15  0:41  Gateway  
  16  0:51  Probe (Chrono Boost)  
  16  0:53  Assimilator  
  17  1:01  Probe (Chrono Boost)  
  17  1:02  Pylon  
  18  1:12  Probe (Chrono Boost)  
  19  1:21  Assimilator  
  19  1:23  Probe (Chrono Boost)  
  20  1:30  Cybernetics Core  
  20  1:33  Probe (Chrono Boost)  
  20  1:39  Gateway  
  21  1:42  Gateway  
  21  1:49  Probe (Chrono Boost)  
  22  1:59  Probe (Chrono Boost)  
  23  2:06  Warp Gate  
  23  2:08  Adept  
  25  2:12  Probe (Chrono Boost)  
  26  2:25  Pylon  
  28  2:30  Mothership Core (Chrono Boost)  
  28  2:32  Adept  
  30  2:43  Adept  
  32  2:48  Probe (Chrono Boost)  
  33  2:54  Pylon  
  33  2:59  Probe (Chrono Boost)  
  34  3:09  Probe (Chrono Boost)  
  34  3:55  Probe (Chrono Boost)  
  32  4:06  Probe (Chrono Boost)  
  31  4:17  Twilight Council  
  31  4:20  Pylon  
  31  4:24  Forge  
  31  4:26  Gateway  
  31  4:28  Gateway  
  31  4:31  Pylon  
  31  4:32  Probe (Chrono Boost)  
  31  4:35  Stalker x2  
  36  4:41  Pylon  
  36  4:42  Pylon  
  37  4:52  Probe (Chrono Boost)  
  37  4:54  Pylon, Blink (Chrono Boost)  
  37  4:57  Protoss Ground Weapons Level 1  
  37  5:10  Nexus  
  37  5:13  Assimilator  
  37  5:14  Pylon  
  37  5:17  Assimilator  
  37  5:28  Probe  
  38  5:39  Stalker x3  
  38  5:40  Probe  
  45  5:49  Robotics Facility  
  45  5:52  Probe  
  46  6:05  Probe  
  46  6:08  Stalker x2  
  51  6:42  Stalker x4  
  57  7:03  Observer  
  58  7:24  Stalker x4  
  66  7:55  Probe  
  66  7:56  Probe  
  68  8:04  Protoss Ground Weapons Level 2 (Chrono Boost)  
  68  8:06  Probe  
  69  8:13  Stalker x2  
  69  8:19  Stalker x2  
  77  8:25  Gateway  
  77  8:26  Gateway  
  77  8:27  Probe  
  77  8:29  Probe  
  79  8:38  Probe  
  79  8:41  Probe  
  53  9:19  Stalker x4  
  53  9:23  Observer  
  62  9:34  Gateway  
  62  9:53  Probe  
  62  9:54  Probe  
  64  10:12  Probe, Stalker x4  
  64  10:13  Stalker x2  
  77  10:14  Probe  
  78  10:25  Protoss Ground Weapons Level 3 (Chrono Boost)  
  77  10:30  Probe  
  77  10:32  Probe  
  79  10:37  Warp Prism  
  81  10:43  Dark Shrine  
  81  10:51  Gateway  
  81  10:52  Gateway  
  81  10:53  Pylon  
  81  10:54  Pylon  
  65  11:13  Warp Prism  
  65  11:15  Stalker x6  
  75  11:25  Photon Cannon  
  75  11:28  Photon Cannon  
  75  11:32  Photon Cannon  
  75  11:34  Photon Cannon  
  75  11:36  Probe x2  
  77  11:41  Photon Cannon  
  77  11:49  Probe  
  77  11:51  Probe  
  79  12:00  Probe  
  79  12:03  Probe  
  81  12:10  Probe  
  82  12:23  Dark Templar x2  
  86  12:44  Zealot x4  
  86  12:45  Zealot  
  73  13:43  Nexus  
  73  13:53  Templar Archives  
  73  13:57  Probe  
  73  13:58  Probe  
  75  14:10  Pylon  
  62  15:09  Assimilator  
  58  15:18  Assimilator  
  58  15:22  Pylon  
  58  15:25  Pylon  
  58  15:27  Pylon  
  58  15:29  Pylon  
  56  16:18  Pylon  
Show
View Real Time Build Order
Export as new Build Order

Obi Terran 

Build Orders:  

Get SALT Encoding   

  12  0:02  SCV  
  13  0:14  SCV  
  14  0:27  SCV  
  14  0:28  Supply Depot  
  15  0:49  SCV  
  16  0:52  Refinery  
  16  0:57  Refinery  
  16  1:00  Barracks  
  16  1:01  SCV  
  17  1:13  SCV  
  18  1:23  Barracks  
  18  1:26  SCV  
  19  1:38  SCV  
  20  1:47  Marine  
  20  1:50  SCV  
  20  1:53  Bunker  
  22  2:02  SCV  
  22  2:06  Factory  
  23  2:12  Supply Depot  
  23  2:24  Bunker  
  23  2:34  Marine, SCV  
  23  2:36  Supply Depot  
  25  2:37  Engineering Bay  
  25  2:45  Marine  
  26  2:52  Marine  
  27  3:09  Barracks Tech Lab  
  27  3:10  Marine  
  28  3:17  Factory Tech Lab  
  28  3:24  SCV  
  29  3:27  Marine, Armory  
  30  3:38  Marauder  
  32  3:45  Missile Turret  
  32  3:55  Barracks Reactor  
  32  3:59  Marauder  
  32  4:02  Command Center  
  34  4:10  Factory  
  34  4:26  Siege Tank  
  37  4:32  Supply Depot, Refinery  
  37  4:40  SCV  
  38  4:50  Marine  
  39  4:54  Marauder  
  39  4:55  Refinery  
  41  5:05  Marine  
  42  5:08  Marine  
  43  5:31  Supply Depot  
  43  5:34  Factory Tech Lab  
  46  5:35  Siege Tank  
  46  5:46  Supply Depot  
  46  6:02  Siege Tank  
  49  6:07  Siege Tank  
  52  6:14  Missile Turret  
  52  6:18  Marine x2  
  34  6:46  SCV  
  34  6:58  SCV  
  35  7:10  SCV  
  36  7:22  SCV  
  37  8:00  Orbital Command  
  37  8:07  SCV  
  38  8:21  SCV  
  39  8:33  SCV  
  40  8:57  SCV  
  41  9:04  Marine  
  41  9:09  SCV x2  
  44  9:21  SCV  
  44  9:22  SCV  
  46  9:33  SCV  
  46  9:34  SCV  
  48  9:42  Sensor Tower  
  48  9:45  SCV  
  49  9:46  SCV  
  49  9:48  Barracks  
  49  9:49  Siege Tank  
  55  9:53  Siege Tank  
  55  9:57  Barracks  
  55  9:58  SCV  
  57  10:01  Marine x2  
  57  10:04  Marauder  
  61  10:17  SCV  
  61  10:19  Marine x2  
  61  10:21  Siege Tank  
  67  10:23  Refinery  
  67  10:25  Siege Tank  
  67  10:26  Marauder  
  72  10:29  SCV  
  72  10:34  Command Center  
  73  10:37  Marine x2  
  73  10:41  SCV  
  76  10:46  Armory  
  76  10:47  Barracks Tech Lab  
  76  10:55  Marine  
  77  11:12  Supply Depot  
  77  11:20  SCV  
  78  11:33  SCV  
  78  11:35  Supply Depot  
  78  11:39  Supply Depot  
  79  11:45  SCV  
  80  11:47  SCV  
  80  11:52  Refinery  
  81  11:57  SCV, Thor  
  81  11:58  Supply Depot, Thor  
  81  11:59  SCV  
  95  12:10  SCV  
  95  12:11  SCV  
  97  12:19  Factory  
  97  12:21  Supply Depot  
  97  12:22  SCV  
  98  12:23  SCV  
  98  12:26  SCV  
  100  12:35  SCV  
  101  12:38  SCV  
  102  12:46  Supply Depot  
  102  12:47  SCV  
  103  12:55  Thor  
  109  12:59  SCV, Thor  
  116  13:11  Factory Tech Lab  
  116  13:12  SCV  
  117  13:24  SCV  
  118  13:36  SCV  
  118  13:40  Thor  
  125  13:42  Thor  
  125  13:43  Thor  
  121  14:39  Missile Turret  
  121  14:59  Missile Turret  
  121  15:19  Missile Turret  
  121  15:28  Factory Tech Lab  
  121  15:29  Factory Tech Lab  
  121  15:31  Factory Tech Lab  
Tags
 
Add a new tag
Caveats
  • Supply blocks, unpowered buildings, or Contaminate may cause inaccurate times.
  • Supply counts are checked every 10 seconds.